 Dungeon Crawl Stone Soup version 0.23-a0-677-g07611c5723 (webtiles) character file.

691 Chiseanne the Magician (level 7, 46/46 HPs)
             Began as a Demonspawn Wizard on Jan 10, 2019.
             Quit the game on level 3 of the Dungeon.
             The game lasted 00:13:39 (6003 turns).

Chiseanne the Magician (Demonspawn Wizard)          Turns: 6003, Time: 00:13:40

Health: 46/46      AC:  3    Str:  7    XL:     7   Next: 36%
Magic:  14/15      EV: 15    Int: 21    God:
Gold:   128        SH:  0    Dex: 12    Spells: 8/17 levels left

rFire    . . .     SeeInvis .   a - +1 spear (flame)
rCold    . . .     Gourm    .   (no shield)
rNeg     . . .     Faith    .   c - +0 robe
rPois    .         Spirit   .   b - +1 hat
rElec    .         Reflect  .   (no cloak)
rCorr    .         Harm     .   (no gloves)
MR       .....                  (no boots)
Stlth    +++.......             e - amulet of rage
HPRegen  0.15/turn              q - +2 ring of evasion
MPRegen  0.14/turn              (no ring)

@: no status effects
A: claws 1, nightstalker 1
a: Evoke Berserk Rage


You were on level 3 of the Dungeon.
You were not hungry.

You visited 1 branch of the dungeon, and saw 3 of its levels.

You collected 128 gold pieces.

Inventory:

Hand Weapons
 a - a +1 spear of flaming (weapon)
Missiles
 g - 13 poisoned needles
 k - 25 sling bullets
 l - 10 arrows
 p - 5 tomahawks (quivered)
Armour
 b - a +1 hat (worn)
 c - a +0 robe (worn)
Jewellery
 e - an amulet of rage (around neck)
 q - a +2 ring of evasion (left claw)
Scrolls
 f - a scroll of remove curse
 h - a scroll of fog
 i - a scroll of enchant armour
Potions
 r - a potion of flight
Comestibles
 d - 9 rations
 j - 2 chunks of flesh


   Skills:
 + Level 3.7 Dodging
 - Level 1.7 Stealth
 * Level 5.5 Spellcasting
 * Level 5.0 Conjurations
   Level 1.0 Summonings
 - Level 0.8 Translocations


You had 8 spell levels left.
You knew the following spells:

 Your Spells              Type           Power        Failure   Level  Hunger
a - Magic Dart            Conj           ####         1%          1    None
b - Blink                 Tloc           N/A          11%         2    None
c - Conjure Flame         Conj/Fire      ###.....     11%         3    ##.....
d - Mephitic Cloud        Conj/Pois/Air  ##......     16%         3    ##.....

Your spell library contained the following spells:

 Spells                   Type           Power        Failure   Level  Hunger
 Call Imp                 Summ           ##......     11%         2    None
 Slow                     Hex            #.......     16%         2    None


Dungeon Overview and Level Annotations

Branches:
Dungeon (3/15)

Altars:
Uskayaw
Xom


Innate Abilities, Weirdness & Mutations

You have sharp fingernails.
You are slightly more attuned to the shadows.


Message History

Confirm with . or Enter, or press ? or * to list all spells.
Aiming: Magic Dart (safe; 1% risk of failure)
Press: ? - help, Shift-Dir - straight line, f - you That beam is likely to hit you.
Continue anyway? [Y]es or [N]o only, please.
That beam is likely to hit you.
Continue anyway? [Y]es or [N]o only, please.
That beam is likely to hit you.
Continue anyway?
Okay, then.
Things that are here:
a +0 club; a gnoll corpse You butcher the gnoll corpse.
All of the chunks of flesh in your inventory have rotted away.
j - 2 chunks of flesh
Things that are here:
a +0 club; a gnoll skeleton Search for what [Enter for "weapon", or ? for help]? brand Done exploring.
Done exploring.
Are you sure you want to abandon this character and quit the game? (Confirm

.##.###....#.##.#........#.≈≈≈...
.#....#....#....#..)))...#.≈≈≈...
#######.)..#######''####'#.≈≈≈...
......#....#.......).#.#.#.≈≈≈...
..#8..')...'.....)...'.#.#.≈≈≈...
..#8..'....'.........#.#.#.≈≈≈...
......#8..8#.........#.#.#.≈≈≈..P
########################.#.≈≈≈...
.....)..........@......#'###≈≈...
########################...#≈≈P..
.......................#.g.#≈≈...
≈≈≈≈≈≈≈≈≈≈≈≈≈≈≈≈≈≈≈≈≈≈≈#####≈≈...
≈≈≈≈≈≈≈≈≈≈≈≈≈≈≈≈≈≈≈≈≈≈≈≈≈≈≈≈≈≈...
≈≈≈≈≈≈≈≈≈≈≈≈≈≈≈≈≈≈≈≈≈≈≈≈≈≈≈≈≈≈...
.....÷.........P.............P...
.................P...............
#################################


There were no monsters in sight!

Vanquished Creatures
  Sigmund (D:2)
  A gnoll sergeant (D:3)
  2 gnoll shamans (D:3)
  29 gnolls
  3 adders
  An ooze (D:1)
  A worm (D:2)
  3 dart slugs (D:1)
  2 leopard geckos
  A ball python (D:2)
  6 bats
  5 giant cockroaches (D:1)
  7 goblins
  6 hobgoblins
  21 jackals
  6 kobolds
  2 quokkas (D:3)
  4 frilled lizards
  12 rats
113 creatures vanquished.

Vanquished Creatures (others)
  A plant (D:3)
1 creature vanquished.

Grand Total: 114 creatures vanquished

Notes
Turn   | Place    | Note
-------+----------+-------------------------------------------
     0 | D:1      | Chiseanne the Demonspawn Wizard began the quest for the
                  | Orb.
     0 | D:1      | Reached XP level 1. HP: 13/13 MP: 4/4
   206 | D:1      | Gained mutation: You are slightly more attuned to the
                  | shadows. [demonic ancestry]
   206 | D:1      | Reached XP level 2. HP: 19/19 MP: 0/6
   962 | D:1      | Reached XP level 3. HP: 24/24 MP: 2/7
  2008 | D:2      | Learned a level 2 spell: Blink
  2012 | D:2      | Learned a level 3 spell: Conjure Flame
  2016 | D:2      | Learned a level 3 spell: Mephitic Cloud
  2077 | D:2      | Found a shimmering altar of Xom.
  2077 | D:2      | Found a shimmering altar of Xom.
  2078 | D:2      | Found a shimmering altar of Xom.
  2078 | D:2      | Found a shimmering altar of Xom.
  2078 | D:2      | Found a shimmering altar of Xom.
  2079 | D:2      | Found a shimmering altar of Xom.
  2080 | D:2      | Found a shimmering altar of Xom.
  2081 | D:2      | Found a shimmering altar of Xom.
  2082 | D:2      | Found a shimmering altar of Xom.
  2499 | D:2      | Reached XP level 4. HP: 30/30 MP: 5/9
  2581 | D:2      | Noticed Sigmund
  2639 | D:2      | Killed Sigmund
  2639 | D:2      | Reached XP level 5. HP: 14/35 MP: 0/11
  3203 | D:3      | Noticed a sky beast
  3644 | D:3      | Reached XP level 6. HP: 39/41 MP: 12/12
  4119 | D:3      | Reached skill level 5 in Spellcasting
  4714 | D:3      | Gained mutation: You have sharp fingernails. [demonic
                  | ancestry]
  4714 | D:3      | Reached XP level 7. HP: 38/46 MP: 4/14
  5262 | D:3      | Found a hide-covered altar of Uskayaw.
  5737 | D:3      | Reached skill level 5 in Conjurations
  6003 | D:3      | Quit the game

Vault maps used:
D:1:      roderic_crop_circles_arrival_small, minmay_ruptured
D:2:      xom_redecorated, first_ration, uniq_sigmund
D:3:      lemuel_castle_with_subvaults, lemuel_round_altar,
          nicolae_overflow_hidden_temple, wander_ebering_terrifying_dragon_lair

Skill      XL: |  1  2  3  4  5  6  7 |
---------------+----------------------+-----
Dodging        | 2 3 |  3.7
Conjurations   | 2 3 4 5 |  5.0
Spellcasting   | 4 5 |  5.5
Stealth        | |  1.7
Summonings     | |  1.0
Translocations | |  0.8

Action                   |  1- 3 |  4- 6 |  7- 9 || total
-------------------------+-------+-------+-------++-------
Melee: Unarmed           |     6 |       |       ||     6
       Dagger            |     9 |    33 |       ||    42
       Short sword       |       |    18 |       ||    18
       Spear             |       |       |     5 ||     5
 Cast: Magic Dart        |   102 |   103 |    94 ||   299
       Mephitic Cloud    |       |    12 |       ||    12
       Blink             |       |     2 |     1 ||     3
  Use: Scroll            |     8 |     1 |     3 ||    12
       Potion            |       |     1 |       ||     1
 Stab: Confused          |       |     6 |       ||     6
       Sleeping          |       |     1 |       ||     1
  Eat: Chunk             |     5 |     4 |     4 ||    13
       Ration            |       |     1 |       ||     1
Armor: Robe              |     9 |     8 |     1 ||    18
Dodge: Dodged            |    27 |    45 |    18 ||    90

Table legend:
 A = Non-vault XP
 B = Vault XP
 C = Vault XP percentage of total XP
 D = Non-vault monster count
 E = Vault monster count
 F = Vault count percentage of total count
                 A         B        C        D         E       F
            +---------+---------+-------+---------+---------+-------
      Total |     143 |     845 |  85.5 |      57 |      56 |  49.6
            +---------+---------+-------+---------+---------+-------
        D:1 |      59 |       7 |  10.6 |      29 |       4 |  12.1
        D:2 |      40 |     255 |  86.4 |      14 |       3 |  17.6
        D:3 |      44 |     583 |  93.0 |      14 |      49 |  77.8
            +---------+---------+-------+---------+---------+-------
